 Dungeon Crawl Stone Soup version 0.29.1-15-g9cfb28693d (webtiles) character file.

Game seed: 13351188162797868919

887 Gabide the Trooper (level 8, -5/60 HPs)
             Began as a Djinni Conjurer on May 1, 2023.
             Shot with an arrow by a centaur (12 damage)
             ... on level 5 of the Dungeon.
             The game lasted 00:08:33 (5407 turns).

Gabide the Trooper (Djinni Conjurer)                Turns: 5407, Time: 00:08:33

Health: -5/60      AC:  3    Str:  6    XL:     8   Next: 26%
Gold:   282        EV: 13    Int: 22    God:
                   SH:  0    Dex: 12

rFire   + + .      SeeInvis .   (no weapon)
rCold   x . .      Faith    .   (no shield)
rNeg    . . .      Spirit   .   a - +0 robe
rPois   ∞          Reflect  .   e - +0 helmet
rElec   .          Harm     .   (no cloak)
rCorr   .          Rampage  .   (no gloves)
Will    .....                   (boots unavailable)
Stlth   ++........              (no amulet)
HPRegen 0.20/turn               (no ring)
MPRegen 0.00/turn               (no ring)

@: marked, flying
A: sickness immunity, fire resistance 2, cold vulnerability 1, float, innate
caster, HP casting, extra vitality 1
a: no special abilities


You were on level 5 of the Dungeon.
You visited 1 branch of the dungeon, and saw 5 of its levels.

You collected 282 gold pieces.

Inventory:

Missiles
 b - 4 curare-tipped darts
 l - a throwing net
Armour
 a - a +0 robe (worn)
 e - a +0 helmet (worn)
Magical Staves
 k - a staff of cold
Wands
 n - a wand of flame (19)
Scrolls
 d - 2 scrolls of vulnerability
 f - 4 scrolls of teleportation
 m - a scroll of enchant weapon
Potions
 c - a potion of resistance
 g - a potion of mutation
 i - 2 potions of curing
 j - a potion of heal wounds {unknown}


   Skills:
 * Level 5.4 Fighting
 + Level 4.8 Dodging
 - Level 1.5 Stealth
 * Level 5.3 Spellcasting


You couldn't memorise any spells.
You knew the following spells:

 Your Spells              Type           Power      Damage    Failure   Level
a - Magic Dart            Conj           100%       1d8       1%          1
b - Searing Ray           Conj           58%        2d6       1%          2
c - Dazzling Flash        Conj/Hex       58%        N/A       3%          3
d - Fulminant Prism       Conj/Hex       14%        3d9       11%         4
e - Iskenderun's Mystic   Conj/Tloc      29%        2d7       11%         4
f - Beastly Appendage     Tmut           58%        N/A       1%          1
g - Passwall              Tmut/Erth      24%        N/A       1%          2
h - Lesser Beckoning      Tloc           29%        N/A       3%          3
Your spell library was empty.

Dungeon Overview and Level Annotations

Branches:
Dungeon (5/15)
 Temple: D:4-7

Altars:
Nemelex Xobeh
Ru

Portals:
Sewer: D:5


Innate Abilities, Weirdness & Mutations

You are immune to sickness and miasma.
You are immune to poison.
Your flesh is very heat resistant. (rF++)
You are vulnerable to cold. (rC-)
You float through the air rather than walking.
You learn spells naturally, not from books.
Your magical power is your life essence.
You have superior vitality. (+4 MHP)


Message History

Okay, then.
Press: ? - help, v - describe, . - travel
Here: a hound The floor.
Unknown command.
Casting: Dazzling Flash (dangerous; 3% risk of failure)
Confirm with . or Enter, or press ? or * to list all spells.
Aiming: Searing Ray (safe; 1% risk of failure)
Press: ? - help, Shift-Dir - straight line, f - scorpion
Aim: a scorpion (blind, 79% to hit)
The searing ray hits the centaur.
The centaur is heavily wounded.
The searing ray hits the scorpion.
The scorpion is moderately wounded. (Press . to maintain the ray.)
* * * LOW HITPOINT WARNING * * *
A hound comes into view.
The hound closely misses you. The centaur hits you.
* * * LOW HITPOINT WARNING * * *
The centaur kicks you but does no damage.
An adder comes into view.
The orc priest miscasts a cantrip.
The iguana closely misses you. The hound bites you.
* * * LOW HITPOINT WARNING * * *
The hound moves out of view.
Unknown command.
The searing ray hits the centaur.
The centaur is severely wounded.
The searing ray hits the scorpion.
The scorpion is moderately wounded.
* * * LOW HITPOINT WARNING * * *
Your surroundings suddenly seem different.
Found a scroll of enchant weapon.
Okay, then.
Unknown command.
You start resting.
A centaur is nearby!
The centaur wields a +0 shortbow.
The centaur shoots an arrow.
The arrow hits you!
You die...

... ... ..#
..# #.# #.#
#.# #.# #.#
#.# #.# #.#
#.#######
#@###........
#...c..?.....
############.


You could see a centaur.

Vanquished Creatures
  Grinder (D:3)
  Menkaure (D:4)
  5 wights
  A jelly (D:5)
  A hound (D:4)
  Terence (D:3)
  5 adders
  7 gnolls
  A shadow imp (D:5)
  2 worms (D:3)
  6 dart slugs
  6 orcs (D:4)
  5 endoplasms
  4 giant cockroaches
  4 goblins
  9 hobgoblins
  7 jackals
  2 quokkas (D:1)
  11 ball pythons
  7 bats
  5 frilled lizards
  9 kobolds
  6 rats
106 creatures vanquished.

Notes
Turn   | Place    | Note
-------+----------+-------------------------------------------
     0 | D:1      | Gabide the Djinni Conjurer began the quest for the Orb.
     0 | D:1      | Gabide set off with the following spells memorised: Magic
                  | Dart, Searing Ray, Dazzling Flash, Fulminant Prism,
                  | Iskenderun's Mystic Blast.
     0 | D:1      | Reached XP level 1. HP: 15/15 MP: 0/0
   453 | D:1      | Reached XP level 2. HP: 15/22 MP: 0/0
   568 | D:1      | Reached skill level 1 in Fighting
   944 | D:1      | Found a faded altar of an unknown god.
  1087 | D:1      | Reached XP level 3. HP: 24/27 MP: 0/0
  1087 | D:1      | Learned a level 1 spell: Beastly Appendage
  2119 | D:2      | Reached XP level 4. HP: 28/33 MP: 0/0
  2968 | D:3      | Noticed Terence
  2976 | D:3      | Killed Terence
  2977 | D:3      | Reached XP level 5. HP: 22/39 MP: 0/0
  2977 | D:3      | Learned a level 2 spell: Passwall
  3630 | D:3      | Noticed Grinder
  3631 | D:3      | Paralysed by Grinder for 5 turns
  3644 | D:3      | HP: 2/40 [Grinder (2)]
  3647 | D:3      | Paralysed by Grinder for 3 turns
  3650 | D:3      | Killed Grinder
  3651 | D:3      | Reached XP level 6. HP: 6/47 MP: 0/0
  4127 | D:3      | Found a sacrificial altar of Ru.
  4177 | D:3      | Found a sparkling altar of Nemelex Xobeh.
  4317 | D:4      | Reached XP level 7. HP: 50/52 MP: 0/0
  4317 | D:4      | Learned a level 3 spell: Lesser Beckoning
  4733 | D:4      | Noticed Menkaure
  4740 | D:4      | Killed Menkaure
  4996 | D:4      | Reached skill level 5 in Spellcasting
  4999 | D:4      | Reached skill level 5 in Fighting
  4999 | D:4      | Reached XP level 8. HP: 45/59 MP: 0/0
  5280 | D:5      | Entered Level 5 of the Dungeon
  5374 | D:5      | Found a glowing drain.
  5407 | D:5      | Shot with an arrow by a centaur

Illustrated notes

Levels and vault maps discovered:
D:1:      nagdon_arrival_zigzag_paths, layout_loops_ring,
          chequers_ecumenical_altar_island, minmay_misc_feat_plants,
          grunt_decor_junction, item_on_display_b
D:2:      layout_basic, nicolae_figureground_pulse
D:3:      layout_rooms, mainiacjoe_overflow_catch_the_wave, uniq_grinder,
          uniq_terence
D:4:      layout_rooms, vehumet_altar_wand_db, uniq_menkaure
D:5:      layout_loops_ring, xom_confusion_cloud, portal_sewer_entry_a

Skill      XL: |  1  2  3  4  5  6  7 |
---------------+----------------------+-----
Fighting       | 1 2 3 4 5 |  5.4
Dodging        | 3 4 |  4.8
Spellcasting   | 4 5 |  5.3
Stealth        | |  1.5

Action                   |  1- 3 |  4- 6 |  7- 9 || total
-------------------------+-------+-------+-------++-------
 Cast: Magic Dart        |    66 |    71 |    76 ||   213
       Searing Ray       |       |    11 |    10 ||    21
       Dazzling Flash    |       |     2 |     3 ||     5
  Use: Scroll            |       |    12 |     3 ||    15
       Potion            |       |     2 |       ||     2
Armor: Robe              |       |     1 |     8 ||     9
Dodge: Dodged            |     7 |    13 |    29 ||    49
